 Dungeon Crawl Stone Soup version 0.25-a0-1073-gf4359a17dd (webtiles) character file.

Game seed: 2553740161464873814, levelgen mode: deterministic

9 Esekla the Magician (level 2, 0/17 HPs)
             Began as an Octopode Wizard on May 15, 2020.
             Slain by a giant cockroach (2 damage)
             ... on level 5 of the Dungeon.
             The game lasted 00:06:07 (769 turns).

Esekla the Magician (Octopode Wizard)                Turns: 769, Time: 00:06:08

Health: 0/17       AC:  1    Str:  6    XL:     2   Next: 16%
Magic:  1/6        EV: 13    Int: 20    God:
Gold:   22         SH:  0    Dex: 10    Spells: 4/7 levels left

rFire    . . .     SeeInvis .   b - +0 dagger
rCold    . . .     Gourm    .   (no shield)
rNeg     . . .     Faith    .   a - +0 hat
rPois    .         Spirit   .   (no amulet)
rElec    .         Reflect  .   (no ring)
rCorr    .         Harm     .   (no ring)
MR       .....                  (no ring)
Stlth    +++.......             (no ring)
HPRegen  0.05/turn              (no ring)
MPRegen  0.10/turn              (no ring)
                                (no ring)
                                (no ring)

@: very slightly contaminated
A: almost no armour, stealthy swim, amphibious, 8 rings, constrict 8, camouflage
1, gelatinous body 1
a: no special abilities


You were on level 5 of the Dungeon.
You were not hungry.

You visited 1 branch of the dungeon, and saw 5 of its levels.

You collected 22 gold pieces.

Inventory:

Hand Weapons
 b - a +0 dagger (weapon)
 h - a +0 great sword
Armour
 a - a +0 hat (worn)
Jewellery
 g - a cursed amulet of inaccuracy {unknown}
Scrolls
 e - a scroll of teleportation {unknown}
 f - a scroll of fog {unknown}
Potions
 d - a potion of degeneration {unknown}
Comestibles
 c - 2 rations


   Skills:
 * Level 2.1 Dodging
 - Level 2.6 Stealth
 * Level 3.4 Spellcasting
 + Level 1.0 Conjurations
   Level 1.0 Summonings
 + Level 1.0 Translocations


You had 4 spell levels left.
You knew the following spells:

 Your Spells              Type           Power        Failure   Level  Hunger
a - Magic Dart            Conj           #...         9%          1    None
b - Blink                 Tloc           N/A          14%         2    ##.....

Your spell library contained the following spells:

 Spells                   Type           Power        Failure   Level  Hunger
 Call Imp                 Summ           #.......     14%         2    ##.....
 Slow                     Hex            #.......     21%         2    ##.....
 Conjure Flame            Conj/Fire      #.......     32%         3    ###....
 Mephitic Cloud           Conj/Pois/Air  #.......     34%         3    ###....


Dungeon Overview and Level Annotations

Branches:
Dungeon (5/15)
 Temple: D:4-7

Altars:

Shops:
D:5 (

Annotations:
D:4 Blork the orc


Innate Abilities, Weirdness & Mutations

You cannot wear most types of armour.
You are very stealthy in the water. (Stealth+)
You are amphibious.
You can wear up to eight rings at the same time.
You can use your tentacles to constrict eight enemies at once.
Your skin changes colour to match your surroundings (Stealth+).
Your rubbery body absorbs attacks. (AC +1, EV +1)


Message History

The giant cockroach completely misses you.
There is an entrance to Doddom's Antique Weapon Shoppe here.
The giant cockroach waves its antennae.
The giant cockroach bites you.
* * * LOW HITPOINT WARNING * * *
Found a hand axe.
A howler monkey comes into view.
Found a ration.
The giant cockroach closely misses you.
Casting: Blink (safe; 14% risk of failure)
Confirm with . or Enter, or press ? or * to list all spells.
You miscast Blink.
You are very lightly contaminated with residual magic.
Nothing appears to happen.
The giant cockroach bites you.
* * * LOW HITPOINT WARNING * * *
A hound comes into view.
The hound barks!
You hear a shout!
Found 10 gold pieces.
The giant cockroach bites you.
You die...

##......$## ....
##.......##..... ≈≈..
#.............. .≈≈.
###............#. .....
#....⌠.⌠#......# #.h...
#.....∩$##.....# #....
.....⌠.⌠##.?........#
..##...###.....##..#
.##....###.#....@..#...
...........###.s........
#...........##..........
###........#Zl..........
#........##..%....#....
)..................#..$.
...[...###.#............
.....#.# #.#.......#....
h...#..# .............


You could see an iguana, a hound, a worker ant zombie and a giant cockroach.

Vanquished Creatures
  A bat (D:2)
  3 goblins (D:1)
  A hobgoblin (D:1)
  A jackal (D:2)
  A frilled lizard (D:2)
  A rat (D:1)
8 creatures vanquished.

Notes
Turn   | Place    | Note
-------+----------+-------------------------------------------
     0 | D:1      | Esekla the Octopode Wizard began the quest for the Orb.
     0 | D:1      | Reached XP level 1. HP: 11/11 MP: 4/4
   426 | D:2      | Reached XP level 2. HP: 17/17 MP: 6/6
   569 | D:3      | Learned a level 2 spell: Blink
   690 | D:4      | Noticed Blork the orc
   715 | D:5      | Entered Level 5 of the Dungeon
   718 | D:5      | Found Doddom's Antique Weapon Shoppe.
   759 | D:5      | Noticed a howler monkey
   769 | D:5      | Slain by a giant cockroach

Illustrated notes

Levels and vault maps discovered:
D:1:      dpeg_arrival_arbitrary_a, layout_basic
D:2:      layout_loops_ring, brannock_xom_greatest_gift
D:3:      layout_basic, hangedman_ru_absence, first_ration
D:4:      layout_basic, nicolae_overflow_hidden_temple, minmay_misc_feat_iff,
          uniq_blork_the_orc
D:5:      layout_cave_pools, kiku_gazebo_garden_becter, serial_shops,
          shop_fountains, serial_gnoll_camp, gnoll_camp_mini_hut,
          gnoll_camp_mini_loothouse, grums_kennel, gnoll_camp_huts_moat,
          nrook_campfire, kennysheep_generic_room_11, uniq_edmund

Action                   || total
-------------------------++-------
Melee: Dagger            ||     5
       Tentacles         ||     2
       Constrict         ||     1
 Cast: Magic Dart        ||    10
       Blink             ||     2
 Stab: Sleeping          ||     2
Armor: Skin              ||     1
Dodge: Dodged            ||     8

Table legend:
 A = Non-vault XP
 B = Vault XP
 C = Vault XP percentage of total XP
 D = Non-vault monster count
 E = Vault monster count
 F = Vault count percentage of total count
                 A         B        C        D         E       F
            +---------+---------+-------+---------+---------+-------
      Total |      14 |       0 |   0.0 |       8 |       0 |   0.0
            +---------+---------+-------+---------+---------+-------
        D:1 |       9 |       0 |   0.0 |       5 |       0 |   0.0
        D:2 |       5 |       0 |   0.0 |       3 |       0 |   0.0
            +---------+---------+-------+---------+---------+-------
